MapleLeafs vs Devils

Created - Thursday, January 29, 2015 at 00:21

Goals
1 2 3 T
MapleLeafs 3 0 0 3
Devils 0 0 1 1
Shots
1 2 3 T
MapleLeafs 14 7 3 24
Devils 4 5 14 23

1st period

1. MapleLeafs , Alexander Steen 27 (Karl Alzner, Joe Thornton) at 7:23
2. MapleLeafs , Zach Parise 17 (Dan Girardi, Ryan Kesler) at 9:48
3. MapleLeafs , Alexander Steen 28 (Drew Doughty, Joe Thornton) at 18:30 (PP)

Penalties :
Jamie McGinn (NJD) for Tripping (Minor) at 0:41, Tim Gleason (NJD) for Holding (Minor) at 5:23, Drew Stafford (NJD) for Hooking (Minor) at 13:11, Grant Clitsome (NJD) for Hooking (Minor) at 17:39, Drew Doughty (Tor) for Slashing (Minor) at 19:50

2nd period

No Goal

Penalties :
Nick Foligno (Tor) for Unsportsmanlike conduct (Major / Game Misconduct) at 3:20, Jason Akeson (NJD) for Boarding (Minor) at 15:41

3rd period

4. Devils , Jamie McGinn 10 (Brent Seabrook, Drew Stafford) at 3:37

Penalties :
Zack Smith (Tor) for Hooking (Minor) at 6:55, Kris Versteeg (NJD) for High sticking (Double Minor) at 14:52, Zack Smith (Tor) for Unsportsmanlike conduct (Major / Game Misconduct) at 16:37

Goalie Stats

Cory Schneider (Tor), 22 saves from 23 shots - (0.957), W, 26-6-7, 60:00 minutes
Jimmy Howard (NJD), 21 saves from 24 shots - (0.875), L, 14-18-6, 60:00 minutes

Players Stats for MapleLeafs

Player Name              G  A  P  +/- PIM S  H  SB GA TA FO     MP     PP MP  PK MP  
------------------------------------------------------------------------------------
Alexander Steen          2  0  2   0  0   3  2  0  4  0  1/2    21:14   5:14   2:28 
Brandon Sutter           0  0  0   0  0   2  0  0  2  0  7/11   13:27   0:00   5:55 
Carl Gunnarsson          0  0  0   0  0   1  0  0  0  1  0/0    22:40   6:09   4:06 
Dan Girardi              0  1  1   0  0   1  1  2  1  2  0/0    20:23   0:00   7:16 
Dominic Moore            0  0  0   0  0   2  0  0  0  1  0/0     9:48   0:00   2:40 
Drew Doughty             0  1  1   0  2   1  2  0  0  3  0/0    26:51   6:09   5:42 
Dustin Brown             0  0  0   0  0   0  2  1  3  0  0/0    18:46   5:14   0:34 
Gregory Campbell         0  0  0   0  0   1  1  0  0  0  0/2    13:54   0:00   6:22 
Jarred Tinordi           0  0  0   0  0   0  2  0  0  1  0/0    10:15   0:00   0:00 
Joe Thornton             0  2  2   0  0   4  0  0  3  0  14/20  19:03   5:14   0:17 
Karl Alzner              0  1  1   1  0   1  1  1  0  0  0/0    21:45   4:23   3:04 
Kyle Palmieri            0  0  0   0  0   0  2  0  0  0  0/0     6:31   0:00   0:00 
Lee Stempniak            0  0  0   0  0   0  0  1  0  0  0/1    14:06   1:11   0:15 
Marc-Edouard Vlasic      0  0  0   1  0   0  1  2  0  0  0/0    18:14   4:23   0:00 
Nick Foligno             0  0  0   1  15  1  1  0  0  0  0/0     8:00   3:41   0:09 
Ryan Kesler              0  1  1   1  0   3  0  0  2  0  4/11   17:57   5:18   1:28 
Zach Parise              1  0  1   1  0   4  1  0  0  0  1/1    16:29   5:18   0:00 
Zack Smith               0  0  0   0  17  0  2  0  1  0  1/3     8:10   0:25   0:00 

Players Stats for Devils

Player Name              G  A  P  +/- PIM S  H  SB GA TA FO     MP     PP MP  PK MP  
------------------------------------------------------------------------------------
Adam Burish              0  0  0  -1  0   1  0  0  0  0  1/1    10:03   0:42   2:20 
Alex Tanguay             0  0  0   0  0   2  1  0  0  1  0/0    15:27   4:32   0:00 
Brent Seabrook           0  1  1   1  0   0  0  2  2  3  0/0    30:31   5:19   6:31 
Chris Mueller            0  0  0   0  0   0  1  0  0  1  3/7    10:29   0:00   0:00 
Drew Stafford            0  1  1   0  2   3  3  2  1  1  3/11   22:34   4:50   6:15 
Grant Clitsome           0  0  0  -1  2   1  2  1  1  2  0/0    23:12   4:55   5:56 
Jamie McGinn             1  0  1   1  2   4  1  0  0  0  0/0    16:41   4:28   2:11 
Jason Akeson             0  0  0   0  2   0  1  0  0  0  0/0     9:36   0:00   0:00 
Jay Beagle               0  0  0   0  0   1  0  0  1  0  3/6    10:47   0:42   0:00 
John Carlson             0  0  0   1  0   2  0  3  1  0  0/0    11:56   0:00   0:00 
Kris Versteeg            0  0  0   0  4   0  0  0  1  1  0/1    15:54   5:00   0:00 
Mark Stuart              0  0  0  -1  0   1  2  2  1  1  0/0    11:43   3:45   3:26 
Martin Erat              0  0  0  -1  0   0  0  0  1  0  4/5     8:34   0:59   0:00 
Matt Irwin               0  0  0  -1  0   0  1  1  0  0  0/0    20:01   2:18   1:24 
Ryan Jones               0  0  0   0  0   2  3  0  0  0  0/0     9:27   0:00   0:00 
Tim Gleason              0  0  0  -2  2   1  3  2  0  2  0/0    22:34   3:51   3:47 
Tyler Johnson            0  0  0   1  0   0  2  1  3  0  7/16   17:14   4:32   2:59 
Ville Leino              0  0  0  -2  0   5  0  1  1  0  2/4    20:20   4:27   7:19 

3 Stars

1 - Alexander Steen (Tor)
2 - Cory Schneider (Tor)
3 - Zach Parise (Tor)

Power Play

MapleLeafs - 1 on 7 Attempt(s) - 14.29%
Devils - 0 on 4 Attempt(s) - 0.00%

Penalty Kill

MapleLeafs - 4 on 4 Attempt(s) - 100.00% - Score 0 goal in Penalty Kill
Devils - 6 on 7 Attempt(s) - 85.71% - Score 0 goal in Penalty Kill

Team Stat

MapleLeafs - Hits : 18 - Faceoff Wins : 28 - Blocked Shots : 7 - Penalty Minutes : 34
Devils - Hits : 20 - Faceoff Wins : 23 - Blocked Shots : 15 - Penalty Minutes : 14

Official

Referees : Unknown
Linesman : Unknown

Game Notes

Nick Foligno ejected from game at 3:20 of 2nd period
Mark Stuart is injured at 8:01 of 2nd period (Right Hand)
Zack Smith ejected from game at 16:37 of 3rd period

Finance

Level 1 -- Attendance: 5735 (95.58%) -- Ticket Income $430,125
Level 2 -- Attendance: 3230 (64.60%) -- Ticket Income $193,800
Level 3 -- Attendance: 1538 (76.90%) -- Ticket Income $53,830
Level 4 -- Attendance: 2575 (64.38%) -- Ticket Income $64,375
Luxury Box -- Attendance: 1000 (100.00%) -- Ticket Income $160,000
Game was played at the Continental Airlines Arena'
Total Attendance: 14078 (78.21%)
Total Ticket Income: $902,130
Other Income: $442,044
Total Income: $1,344,174

MapleLeafs

5 vs 5 Forward 
   Center                   Left Wing                Right Wing               Time % Phy DF OF 
 1 Joe Thornton             Alexander Steen          Dustin Brown             35     0   1  4  
 2 Ryan Kesler              Zach Parise              Nick Foligno             30     1   2  2  
 3 Brandon Sutter           Gregory Campbell         Lee Stempniak            22     1   2  2  
 4 Zack Smith               Dominic Moore            Kyle Palmieri            13     2   2  1  

5 vs 5 Defense 
   Defense                  Defense                                           Time % Phy DF OF 
 1 Drew Doughty             Dan Girardi                                       35     1   2  2  
 2 Karl Alzner              Marc-Edouard Vlasic                               30     1   2  2  
 3 Jarred Tinordi           Carl Gunnarsson                                   22     1   2  2  
 4 Drew Doughty             Dan Girardi                                       13     1   2  2  

PowerPlay Forward 
   Center                   Left Wing                Right Wing               Time % Phy DF OF 
 1 Joe Thornton             Alexander Steen          Dustin Brown             60     0   1  4  
 2 Ryan Kesler              Zach Parise              Nick Foligno             40     0   1  4  

PowerPlay Defense
   Defense                  Defense                                           Time % Phy DF OF 
 1 Drew Doughty             Carl Gunnarsson                                   60     1   1  3  
 2 Karl Alzner              Marc-Edouard Vlasic                               40     1   1  3  

Penalty Kill 4 Players Forward 
   Center                   Wing                     Time % Phy DF OF 
 1 Brandon Sutter           Gregory Campbell         60     0   4  1  
 2 Ryan Kesler              Dominic Moore            40     0   4  1  

Penalty Kill 4 Players Defense
   Defense                  Defense                  Time % Phy DF OF 
 1 Drew Doughty             Dan Girardi              60     1   4  0  
 2 Karl Alzner              Carl Gunnarsson          40     1   4  0  

Penalty Kill - 3 Players Forward 
   Forward                                           Time % Phy DF OF 
 1 Brandon Sutter                                    60     0   5  0  
 2 Ryan Kesler                                       40     0   5  0  

Penalty Kill - 3 Players Defense
   Defense                  Defense                  Time % Phy DF OF 
 1 Drew Doughty             Marc-Edouard Vlasic      60     0   5  0  
 2 Karl Alzner              Carl Gunnarsson          40     0   5  0  

4 vs 4 Forward 
   Center                   Wing                     Time % Phy DF OF 
 1 Joe Thornton             Alexander Steen          60     1   2  2  
 2 Ryan Kesler              Dominic Moore            40     1   2  2  

4 vs 4 Defense
   Defense                  Defense                  Time % Phy DF OF 
 1 Drew Doughty             Carl Gunnarsson          60     1   2  2  
 2 Karl Alzner              Marc-Edouard Vlasic      40     1   2  2  

Last Minutes Offensive
   Center                   Left Wing                Right Wing               Defense                  Defense                  
   Joe Thornton             Alexander Steen          Ryan Kesler              Drew Doughty             Dan Girardi              

Last Minutes Defensive
   Center                   Left Wing                Right Wing               Defense                  Defense                  
   Joe Thornton             Alexander Steen          Ryan Kesler              Drew Doughty             Dan Girardi              

Goaltenders
Starting : Cory Schneider           
Backup : Ondrej Pavelec           

Extra Forwards
Normal : Lee Stempniak, Zack Smith, Nick Foligno - PP : Lee Stempniak, Zack Smith - PK : Nick Foligno
Extra Defensemen
Normal : Jarred Tinordi, Carl Gunnarsson, Karl Alzner - PP : Marc-Edouard Vlasic - PK : Carl Gunnarsson, Karl Alzner
Penalty Shots
Joe Thornton, Alexander Steen, Drew Doughty, Ryan Kesler, Dustin Brown

Devils

5 vs 5 Forward 
   Center                   Left Wing                Right Wing               Time % Phy DF OF 
 1 Tyler Johnson            Drew Stafford            Jamie McGinn             35     1   2  2  
 2 Chris Mueller            Alex Tanguay             Kris Versteeg            30     1   2  2  
 3 Martin Erat              Adam Burish              Ville Leino              22     1   2  2  
 4 Jay Beagle               Ryan Jones               Jason Akeson             13     1   2  2  

5 vs 5 Defense 
   Defense                  Defense                                           Time % Phy DF OF 
 1 Brent Seabrook           John Carlson                                      35     1   2  2  
 2 Tim Gleason              Mark Stuart                                       30     1   2  2  
 3 Matt Irwin               Grant Clitsome                                    22     1   2  2  
 4 Brent Seabrook           Mark Stuart                                       13     1   2  2  

PowerPlay Forward 
   Center                   Left Wing                Right Wing               Time % Phy DF OF 
 1 Ville Leino              Drew Stafford            Jamie McGinn             60     1   2  2  
 2 Tyler Johnson            Alex Tanguay             Kris Versteeg            40     1   2  2  

PowerPlay Defense
   Defense                  Defense                                           Time % Phy DF OF 
 1 Brent Seabrook           Mark Stuart                                       60     1   2  2  
 2 Tim Gleason              Grant Clitsome                                    40     1   2  2  

Penalty Kill 4 Players Forward 
   Center                   Wing                     Time % Phy DF OF 
 1 Drew Stafford            Ville Leino              60     1   2  2  
 2 Tyler Johnson            Jamie McGinn             40     1   2  2  

Penalty Kill 4 Players Defense
   Defense                  Defense                  Time % Phy DF OF 
 1 Brent Seabrook           Mark Stuart              60     1   2  2  
 2 Tim Gleason              Grant Clitsome           40     1   2  2  

Penalty Kill - 3 Players Forward 
   Forward                                           Time % Phy DF OF 
 1 Drew Stafford                                     60     1   2  2  
 2 Chris Mueller                                     40     1   2  2  

Penalty Kill - 3 Players Defense
   Defense                  Defense                  Time % Phy DF OF 
 1 Brent Seabrook           Mark Stuart              60     1   2  2  
 2 Tim Gleason              Grant Clitsome           40     1   2  2  

4 vs 4 Forward 
   Center                   Wing                     Time % Phy DF OF 
 1 Drew Stafford            Ville Leino              60     1   2  2  
 2 Tyler Johnson            Jamie McGinn             40     1   2  2  

4 vs 4 Defense
   Defense                  Defense                  Time % Phy DF OF 
 1 Brent Seabrook           Mark Stuart              60     1   2  2  
 2 Tim Gleason              Grant Clitsome           40     1   2  2  

Last Minutes Offensive
   Center                   Left Wing                Right Wing               Defense                  Defense                  
   Tyler Johnson            Drew Stafford            Jamie McGinn             Brent Seabrook           Mark Stuart              

Last Minutes Defensive
   Center                   Left Wing                Right Wing               Defense                  Defense                  
   Chris Mueller            Drew Stafford            Jamie McGinn             Brent Seabrook           Mark Stuart              

Goaltenders
Starting : Jimmy Howard             
Backup : Thomas Greiss            

Extra Forwards
Normal : Martin Erat, Jay Beagle, Adam Burish - PP : Martin Erat, Jay Beagle - PK : Adam Burish
Extra Defensemen
Normal : Matt Irwin, Brent Seabrook, Tim Gleason - PP : Matt Irwin - PK : Tim Gleason, Grant Clitsome
Penalty Shots
Drew Stafford, Chris Mueller, Tyler Johnson, Jamie McGinn, Alex Tanguay

% Time on Ice - MapleLeafs

Lines # - Real PCT - Wanted PCT - Time Play
Normal Forward
1 - 34% - 35% - 12:39
2 - 30% - 30% - 11:11
3 - 18% - 22% - 6:48
4 - 18% - 13% - 6:31
Normal Defense
1 - 34% - 35% - 12:39
2 - 35% - 30% - 13:03
3 - 28% - 22% - 10:15
4 - 3% - 13% - 1:12
PP Forward
1 - 50% - 60% - 5:14
2 - 50% - 40% - 5:18
PP Defense
1 - 58% - 60% - 6:09
2 - 42% - 40% - 4:23
PK Forward
1 - 85% - 60% - 8:37
2 - 15% - 40% - 1:28
PK Defense
1 - 76% - 60% - 7:41
2 - 24% - 40% - 2:24
PK3 Forward
1 - 0% - 60%
2 - 0% - 40%
PK3 Defense
1 - 0% - 60%
2 - 0% - 40%
44 Forward
1 - 100% - 60% - 2:14
2 - 0% - 40% - 0:00
44 Defense
1 - 52% - 60% - 1:10
2 - 48% - 40% - 1:04
Last Minute Offensive  - 0:00
Last Minute Defensive  - 0:00
Total
Forward - 60:00
Defense - 60:00

% Time on Ice - Devils

Lines # - Real PCT - Wanted PCT - Time Play
Normal Forward
1 - 28% - 35% - 10:17
2 - 29% - 30% - 10:56
3 - 17% - 22% - 6:29
4 - 25% - 13% - 9:27
Normal Defense
1 - 35% - 35% - 12:59
2 - 37% - 30% - 13:34
3 - 21% - 22% - 7:40
4 - 8% - 13% - 2:56
PP Forward
1 - 55% - 60% - 5:33
2 - 45% - 40% - 4:32
PP Defense
1 - 63% - 60% - 6:21
2 - 37% - 40% - 3:44
PK Forward
1 - 72% - 60% - 7:33
2 - 28% - 40% - 2:59
PK Defense
1 - 68% - 60% - 7:10
2 - 32% - 40% - 3:22
PK3 Forward
1 - 0% - 60%
2 - 0% - 40%
PK3 Defense
1 - 0% - 60%
2 - 0% - 40%
44 Forward
1 - 100% - 60% - 2:14
2 - 0% - 40% - 0:00
44 Defense
1 - 100% - 60% - 2:14
2 - 0% - 40% - 0:00
Last Minute Offensive  - 0:00
Last Minute Defensive  - 0:00
Total
Forward - 60:00
Defense - 60:00

Play by Play

1st period


0:01 of 1st period - Joe Thornton wins face-off versus Tyler Johnson in neutral zone.
0:03 of 1st period - Off-side.
0:04 of 1st period - Tyler Johnson wins face-off versus Joe Thornton in neutral zone.
0:41 of 1st period - Minor Penalty to Jamie McGinn for Tripping.
0:42 of 1st period - Drew Stafford wins face-off versus Ryan Kesler in Devils zone.
2:41 of 1st period - Penalty to Jamie McGinn is over, Jamie McGinn is back on ice.
2:41 of 1st period - Snap shot by Zach Parise.
2:41 of 1st period - Deflect By Tyler Johnson.
2:41 of 1st period - Shot Misses the Net.
2:41 of 1st period - Puck is out of play.
2:42 of 1st period - Ryan Kesler wins face-off versus Kris Versteeg in Devils zone.
2:43 of 1st period - Wrist shot by Zach Parise.
2:43 of 1st period - Shot Misses the Net.
2:45 of 1st period - Wrist shot by Carl Gunnarsson.
2:45 of 1st period - Stopped by Jimmy Howard without a rebound.
2:46 of 1st period - Chris Mueller wins face-off versus Ryan Kesler in Devils zone.
3:23 of 1st period - Drew Doughty is hit by Chris Mueller and loses puck.
4:03 of 1st period - Wrist shot by Kyle Palmieri.
4:03 of 1st period - Shot Blocked by Tim Gleason.
4:25 of 1st period - John Carlson is hit by Zack Smith and loses puck.
5:23 of 1st period - Minor Penalty to Tim Gleason for Holding.
5:24 of 1st period - Drew Stafford wins face-off versus Ryan Kesler in Devils zone.
5:33 of 1st period - Snap shot by Drew Stafford.
5:33 of 1st period - Shot Misses the Net.
5:53 of 1st period - Wrist shot by Zach Parise.
5:53 of 1st period - Shot Hit the Post.
5:55 of 1st period - Slapshot by Ryan Kesler.
5:55 of 1st period - Shot Blocked by Mark Stuart.
5:57 of 1st period - Snap shot by Ryan Kesler.
5:57 of 1st period - Shot Blocked by Mark Stuart.
6:22 of 1st period - Slapshot by Karl Alzner.
6:22 of 1st period - Stopped by Jimmy Howard without a rebound.
6:23 of 1st period - Joe Thornton wins face-off versus Tyler Johnson in Devils zone.
6:40 of 1st period - Brent Seabrook is hit by Dustin Brown and loses puck.
7:21 of 1st period - Snap shot by Alexander Steen.
7:21 of 1st period - Stopped by Jimmy Howard with a rebound.
7:23 of 1st period - Penalty to Tim Gleason is over, Tim Gleason is back on ice.
7:23 of 1st period - Snap shot by Karl Alzner.
7:23 of 1st period - Deflect By Alexander Steen.
7:23 of 1st period - Goal by Alexander Steen - MapleLeafs : 1 - Devils : 0.
7:24 of 1st period - Brandon Sutter wins face-off versus Chris Mueller in neutral zone.
7:41 of 1st period - Snap shot by Alex Tanguay.
7:41 of 1st period - Stopped by Cory Schneider without a rebound.
7:42 of 1st period - Brandon Sutter wins face-off versus Chris Mueller in MapleLeafs zone.
7:47 of 1st period - Kris Versteeg is hit by Marc-Edouard Vlasic and loses puck.
8:53 of 1st period - Snap shot by Ryan Kesler.
8:53 of 1st period - Stopped by Jimmy Howard with a rebound.
8:55 of 1st period - Wrist shot by Ryan Kesler.
8:55 of 1st period - Deflect By Zach Parise.
8:55 of 1st period - Deflect By Tyler Johnson.
8:55 of 1st period - Shot Blocked by Grant Clitsome.
8:55 of 1st period - Puck is out of play.
8:56 of 1st period - Jay Beagle wins face-off versus Joe Thornton in Devils zone.
9:01 of 1st period - Wrist shot by Ryan Jones.
9:01 of 1st period - Stopped by Cory Schneider without a rebound.
9:02 of 1st period - Joe Thornton wins face-off versus Jay Beagle in MapleLeafs zone.
9:02 of 1st period - Joe Thornton is hit by Ryan Jones.
9:14 of 1st period - Slapshot by John Carlson.
9:14 of 1st period - Shot Misses the Net.
9:16 of 1st period - Snap shot by Brent Seabrook.
9:16 of 1st period - Shot Blocked by Dustin Brown.
9:18 of 1st period - Backhand shot by Ryan Jones.
9:18 of 1st period - Shot Misses the Net.
9:28 of 1st period - Backhand shot by Ryan Jones.
9:28 of 1st period - Deflect By Jay Beagle.
9:28 of 1st period - Stopped by Cory Schneider without a rebound.
9:29 of 1st period - Ryan Kesler wins face-off versus Martin Erat in MapleLeafs zone.
9:40 of 1st period - Wrist shot by Ryan Kesler.
9:40 of 1st period - Stopped by Jimmy Howard with a rebound.
9:42 of 1st period - Slapshot by Dan Girardi.
9:42 of 1st period - Shot Misses the Net.
9:44 of 1st period - Slapshot by Dan Girardi.
9:44 of 1st period - Stopped by Jimmy Howard with a rebound.
9:46 of 1st period - Slapshot by Dan Girardi.
9:46 of 1st period - Shot Misses the Net.
9:48 of 1st period - Snap shot by Zach Parise.
9:48 of 1st period - Goal by Zach Parise - MapleLeafs : 2 - Devils : 0.
9:49 of 1st period - Joe Thornton wins face-off versus Tyler Johnson in neutral zone.
10:18 of 1st period - Snap shot by Drew Stafford.
10:18 of 1st period - Shot Misses the Net.
10:20 of 1st period - Wrist shot by Jamie McGinn.
10:20 of 1st period - Stopped by Cory Schneider without a rebound.
10:21 of 1st period - Martin Erat wins face-off versus Ryan Kesler in MapleLeafs zone.
11:13 of 1st period - Matt Irwin is hit by Karl Alzner and loses puck.
11:36 of 1st period - Dan Girardi is hit by Grant Clitsome and loses puck.
12:07 of 1st period - Wrist shot by Joe Thornton.
12:07 of 1st period - Deflect By John Carlson.
12:07 of 1st period - Stopped by Jimmy Howard without a rebound.
12:08 of 1st period - Joe Thornton wins face-off versus Jay Beagle in Devils zone.
12:30 of 1st period - Snap shot by Joe Thornton.
12:30 of 1st period - Stopped by Jimmy Howard without a rebound.
12:31 of 1st period - Tyler Johnson wins face-off versus Ryan Kesler in Devils zone.
12:46 of 1st period - Snap shot by Drew Stafford.
12:46 of 1st period - Shot Misses the Net.
13:11 of 1st period - Minor Penalty to Drew Stafford for Hooking.
13:12 of 1st period - Adam Burish wins face-off versus Joe Thornton in Devils zone.
14:51 of 1st period - Tyler Johnson is hit by Nick Foligno and loses puck.
15:11 of 1st period - Penalty to Drew Stafford is over, Drew Stafford is back on ice.
15:29 of 1st period - Slapshot by John Carlson.
15:29 of 1st period - Shot Blocked by Marc-Edouard Vlasic.
15:41 of 1st period - Snap shot by Dominic Moore.
15:41 of 1st period - Stopped by Jimmy Howard with a rebound.
16:09 of 1st period - Brent Seabrook is hit by Drew Doughty and loses puck.
16:16 of 1st period - Slapshot by Brandon Sutter.
16:16 of 1st period - Shot Misses the Net.
16:39 of 1st period - Off-side.
16:40 of 1st period - Joe Thornton wins face-off versus Jay Beagle in neutral zone.
17:18 of 1st period - Dan Girardi is hit by Ryan Jones and loses puck.
17:39 of 1st period - Minor Penalty to Grant Clitsome for Hooking.
17:40 of 1st period - Drew Stafford wins face-off versus Ryan Kesler in Devils zone.
17:59 of 1st period - Wrist shot by Zach Parise.
17:59 of 1st period - Stopped by Jimmy Howard with a rebound.
18:09 of 1st period - Wrist shot by Ville Leino.
18:09 of 1st period - Shot Misses the Net.
18:11 of 1st period - Slapshot by Drew Stafford.
18:11 of 1st period - Shot Misses the Net.
18:13 of 1st period - Slapshot by Tim Gleason.
18:13 of 1st period - Shot Blocked by Karl Alzner.
18:15 of 1st period - Slapshot by Brent Seabrook.
18:15 of 1st period - Deflect By Drew Stafford.
18:15 of 1st period - Shot Blocked by Marc-Edouard Vlasic.
18:15 of 1st period - Puck is out of play.
18:16 of 1st period - Joe Thornton wins face-off versus Drew Stafford in MapleLeafs zone.
18:30 of 1st period - Wrist shot by Alexander Steen.
18:30 of 1st period - Goal by Alexander Steen - MapleLeafs : 3 - Devils : 0.
18:31 of 1st period - Joe Thornton wins face-off versus Chris Mueller in neutral zone.
18:34 of 1st period - Matt Irwin is hit by Jarred Tinordi and loses puck.
19:25 of 1st period - Ryan Kesler is hit by Drew Stafford.
19:31 of 1st period - Wrist shot by Zach Parise.
19:31 of 1st period - Shot Blocked by Tyler Johnson.
19:39 of 1st period - Snap shot by Zach Parise.
19:39 of 1st period - Shot Misses the Net.
19:41 of 1st period - Snap shot by Nick Foligno.
19:41 of 1st period - Stopped by Jimmy Howard without a rebound.
19:42 of 1st period - Martin Erat wins face-off versus Brandon Sutter in Devils zone.
19:50 of 1st period - Minor Penalty to Drew Doughty for Slashing.
19:51 of 1st period - Brandon Sutter wins face-off versus Ville Leino in MapleLeafs zone.
Goals for this period are 3 for MapleLeafs vs 0 for Devils.
Shots for this period are 14 for MapleLeafs vs 4 for Devils.

2nd period


0:01 of 2nd period - Ville Leino wins face-off versus Brandon Sutter in neutral zone.
0:24 of 2nd period - Wrist shot by Jamie McGinn.
0:24 of 2nd period - Stopped by Cory Schneider with a rebound.
1:02 of 2nd period - Snap shot by Kris Versteeg.
1:02 of 2nd period - Shot Misses the Net.
1:04 of 2nd period - Snap shot by Grant Clitsome.
1:04 of 2nd period - Stopped by Cory Schneider with a rebound.
1:06 of 2nd period - Slapshot by Grant Clitsome.
1:06 of 2nd period - Shot Misses the Net.
1:08 of 2nd period - Slapshot by Tim Gleason.
1:08 of 2nd period - Deflect By Tyler Johnson.
1:08 of 2nd period - Shot Misses the Net.
1:08 of 2nd period - Puck is out of play.
1:09 of 2nd period - Brandon Sutter wins face-off versus Tyler Johnson in MapleLeafs zone.
1:50 of 2nd period - Penalty to Drew Doughty is over, Drew Doughty is back on ice.
1:53 of 2nd period - Backhand shot by Drew Stafford.
1:53 of 2nd period - Stopped by Cory Schneider with a rebound.
2:13 of 2nd period - Jarred Tinordi is hit by Jason Akeson and loses puck.
3:16 of 2nd period - Ryan Kesler is hit by Mark Stuart and loses puck.
3:20 of 2nd period - Major / Game Misconduct Penalty to Nick Foligno for Unsportsmanlike conduct.
3:20 of 2nd period - Nick Foligno is ejected from game.
3:21 of 2nd period - Tyler Johnson wins face-off versus Brandon Sutter in MapleLeafs zone.
4:14 of 2nd period - Wrist shot by Drew Stafford.
4:14 of 2nd period - Shot Misses the Net.
4:46 of 2nd period - Carl Gunnarsson is hit by Tim Gleason and loses puck.
5:06 of 2nd period - Carl Gunnarsson is hit by Drew Stafford and loses puck.
5:59 of 2nd period - Snap shot by Alex Tanguay.
5:59 of 2nd period - Shot Misses the Net.
6:01 of 2nd period - Slapshot by Mark Stuart.
6:01 of 2nd period - Stopped by Cory Schneider without a rebound.
6:02 of 2nd period - Alexander Steen wins face-off versus Tyler Johnson in MapleLeafs zone.
6:15 of 2nd period - Dan Girardi is hit by Mark Stuart and loses puck.
7:19 of 2nd period - Joe Thornton is hit by Jamie McGinn and loses puck.
8:00 of 2nd period - Mark Stuart is hit by Gregory Campbell and loses puck.
8:01 of 2nd period - Mark Stuart from Devils is injured at 8:01 of 2nd period (Right Hand).
8:02 of 2nd period - Brandon Sutter wins face-off versus Drew Stafford in Devils zone.
8:07 of 2nd period - Wrist shot by Brandon Sutter.
8:07 of 2nd period - Stopped by Jimmy Howard with a rebound.
8:09 of 2nd period - Wrist shot by Drew Doughty.
8:09 of 2nd period - Shot Blocked by Matt Irwin.
8:19 of 2nd period - Wrist shot by Brandon Sutter.
8:19 of 2nd period - Shot Blocked by Ville Leino.
8:20 of 2nd period - Penalty to Nick Foligno is over, Dustin Brown is send on ice.
8:21 of 2nd period - Wrist shot by Drew Doughty.
8:21 of 2nd period - Shot Misses the Net.
8:25 of 2nd period - Wrist shot by Brandon Sutter.
8:25 of 2nd period - Shot Blocked by Drew Stafford.
8:27 of 2nd period - Snap shot by Drew Doughty.
8:27 of 2nd period - Shot Misses the Net.
8:29 of 2nd period - Slapshot by Drew Doughty.
8:29 of 2nd period - Shot Misses the Net.
8:31 of 2nd period - Slapshot by Drew Doughty.
8:31 of 2nd period - Deflect By Matt Irwin.
8:31 of 2nd period - Stopped by Jimmy Howard with a rebound.
8:33 of 2nd period - Slapshot by Dan Girardi.
8:33 of 2nd period - Shot Misses the Net.
8:35 of 2nd period - Snap shot by Gregory Campbell.
8:35 of 2nd period - Stopped by Jimmy Howard with a rebound.
9:17 of 2nd period - Icing by Alex Tanguay.
9:18 of 2nd period - Chris Mueller wins face-off versus Zack Smith in Devils zone.
9:29 of 2nd period - Wrist shot by Alex Tanguay.
9:29 of 2nd period - Stopped by Cory Schneider with a rebound.
11:12 of 2nd period - Snap shot by Ryan Kesler.
11:12 of 2nd period - Stopped by Jimmy Howard with a rebound.
11:14 of 2nd period - Snap shot by Zach Parise.
11:14 of 2nd period - Stopped by Jimmy Howard without a rebound.
11:15 of 2nd period - Tyler Johnson wins face-off versus Gregory Campbell in Devils zone.
11:15 of 2nd period - Tyler Johnson is hit by Dan Girardi.
11:27 of 2nd period - Slapshot by Brandon Sutter.
11:27 of 2nd period - Stopped by Jimmy Howard without a rebound.
11:28 of 2nd period - Tyler Johnson wins face-off versus Brandon Sutter in Devils zone.
11:45 of 2nd period - Wrist shot by Brandon Sutter.
11:45 of 2nd period - Shot Misses the Net.
11:47 of 2nd period - Slapshot by Brandon Sutter.
11:47 of 2nd period - Shot Misses the Net.
13:01 of 2nd period - Slapshot by Zach Parise.
13:01 of 2nd period - Stopped by Jimmy Howard with a rebound.
13:03 of 2nd period - Snap shot by Zack Smith.
13:03 of 2nd period - Shot Blocked by Brent Seabrook.
13:31 of 2nd period - Jarred Tinordi is hit by Alex Tanguay and loses puck.
14:24 of 2nd period - Off-side.
14:25 of 2nd period - Martin Erat wins face-off versus Joe Thornton in neutral zone.
15:18 of 2nd period - Tim Gleason is hit by Kyle Palmieri and loses puck.
15:41 of 2nd period - Minor Penalty to Jason Akeson for Boarding.
15:42 of 2nd period - Joe Thornton wins face-off versus Drew Stafford in Devils zone.
16:24 of 2nd period - Icing by Carl Gunnarsson.
16:25 of 2nd period - Zach Parise wins face-off versus Drew Stafford in MapleLeafs zone.
16:50 of 2nd period - Slapshot by Ryan Kesler.
16:50 of 2nd period - Shot Blocked by Tim Gleason.
16:52 of 2nd period - Slapshot by Marc-Edouard Vlasic.
16:52 of 2nd period - Shot Blocked by Drew Stafford.
17:41 of 2nd period - Penalty to Jason Akeson is over, Jason Akeson is back on ice.
18:34 of 2nd period - John Carlson is hit by Jarred Tinordi and loses puck.
19:09 of 2nd period - Slapshot by Jay Beagle.
19:09 of 2nd period - Deflect By Alexander Steen.
19:09 of 2nd period - Shot Misses the Net.
19:09 of 2nd period - Puck is out of play.
19:10 of 2nd period - Jay Beagle wins face-off versus Joe Thornton in MapleLeafs zone.
19:13 of 2nd period - Snap shot by Ryan Jones.
19:13 of 2nd period - Shot Misses the Net.
19:35 of 2nd period - Zach Parise is hit by Tim Gleason and loses puck.
Goals for this period are 0 for MapleLeafs vs 0 for Devils.
Shots for this period are 7 for MapleLeafs vs 5 for Devils.

3rd period


0:01 of 3rd period - Tyler Johnson wins face-off versus Alexander Steen in neutral zone.
0:14 of 3rd period - Snap shot by Alexander Steen.
0:14 of 3rd period - Deflect By Joe Thornton.
0:14 of 3rd period - Shot Blocked by John Carlson.
0:14 of 3rd period - Puck is out of play.
0:15 of 3rd period - Joe Thornton wins face-off versus Tyler Johnson in Devils zone.
0:24 of 3rd period - Snap shot by Joe Thornton.
0:24 of 3rd period - Stopped by Jimmy Howard with a rebound.
0:40 of 3rd period - Snap shot by Tyler Johnson.
0:40 of 3rd period - Shot Misses the Net.
0:42 of 3rd period - Wrist shot by John Carlson.
0:42 of 3rd period - Stopped by Cory Schneider with a rebound.
0:58 of 3rd period - Slapshot by John Carlson.
0:58 of 3rd period - Shot Blocked by Dan Girardi.
2:51 of 3rd period - Snap shot by Brandon Sutter.
2:51 of 3rd period - Shot Misses the Net.
2:57 of 3rd period - Dan Girardi is hit by Tim Gleason and loses puck.
3:05 of 3rd period - Icing by Dan Girardi.
3:06 of 3rd period - Brandon Sutter wins face-off versus Tyler Johnson in MapleLeafs zone.
3:06 of 3rd period - Brandon Sutter is hit by Tyler Johnson.
3:13 of 3rd period - Icing by Tyler Johnson.
3:14 of 3rd period - Tyler Johnson wins face-off versus Joe Thornton in Devils zone.
3:31 of 3rd period - Snap shot by Drew Stafford.
3:31 of 3rd period - Stopped by Cory Schneider with a rebound.
3:33 of 3rd period - Slapshot by Brent Seabrook.
3:33 of 3rd period - Shot Misses the Net.
3:35 of 3rd period - Wrist shot by Brent Seabrook.
3:35 of 3rd period - Shot Misses the Net.
3:37 of 3rd period - Slapshot by Jamie McGinn.
3:37 of 3rd period - Goal by Jamie McGinn - MapleLeafs : 3 - Devils : 1.
3:38 of 3rd period - Ryan Kesler wins face-off versus Tyler Johnson in neutral zone.
3:57 of 3rd period - Snap shot by Zach Parise.
3:57 of 3rd period - Shot Blocked by John Carlson.
3:59 of 3rd period - Slapshot by Drew Doughty.
3:59 of 3rd period - Shot Blocked by Brent Seabrook.
4:25 of 3rd period - Matt Irwin is hit by Dustin Brown and loses puck.
4:34 of 3rd period - Wrist shot by Ville Leino.
4:34 of 3rd period - Stopped by Cory Schneider with a rebound.
4:36 of 3rd period - Wrist shot by Ville Leino.
4:36 of 3rd period - Stopped by Cory Schneider with a rebound.
4:38 of 3rd period - Slapshot by Matt Irwin.
4:38 of 3rd period - Shot Misses the Net.
4:46 of 3rd period - Snap shot by Ville Leino.
4:46 of 3rd period - Stopped by Cory Schneider with a rebound.
4:48 of 3rd period - Wrist shot by Adam Burish.
4:48 of 3rd period - Stopped by Cory Schneider with a rebound.
4:50 of 3rd period - Snap shot by Ville Leino.
4:50 of 3rd period - Stopped by Cory Schneider without a rebound.
4:51 of 3rd period - Zack Smith wins face-off versus Chris Mueller in MapleLeafs zone.
5:12 of 3rd period - Snap shot by Kyle Palmieri.
5:12 of 3rd period - Shot Misses the Net.
5:28 of 3rd period - Grant Clitsome is hit by Kyle Palmieri and loses puck.
6:05 of 3rd period - Brent Seabrook is hit by Zach Parise and loses puck.
6:26 of 3rd period - Slapshot by Jamie McGinn.
6:26 of 3rd period - Stopped by Cory Schneider with a rebound.
6:42 of 3rd period - Snap shot by Joe Thornton.
6:42 of 3rd period - Shot Blocked by John Carlson.
6:55 of 3rd period - Minor Penalty to Zack Smith for Hooking.
6:56 of 3rd period - Brandon Sutter wins face-off versus Ville Leino in MapleLeafs zone.
7:42 of 3rd period - Dan Girardi is hit by Drew Stafford and loses puck.
7:53 of 3rd period - Ryan Kesler is hit by Tyler Johnson and loses puck.
8:23 of 3rd period - Snap shot by Tim Gleason.
8:23 of 3rd period - Stopped by Cory Schneider with a rebound.
8:25 of 3rd period - Snap shot by Kris Versteeg.
8:25 of 3rd period - Shot Blocked by Dan Girardi.
8:27 of 3rd period - Wrist shot by Tyler Johnson.
8:27 of 3rd period - Shot Misses the Net.
8:49 of 3rd period - Slapshot by Drew Stafford.
8:49 of 3rd period - Stopped by Cory Schneider without a rebound.
8:50 of 3rd period - Ville Leino wins face-off versus Gregory Campbell in MapleLeafs zone.
8:55 of 3rd period - Penalty to Zack Smith is over, Zack Smith is back on ice.
9:20 of 3rd period - Snap shot by Joe Thornton.
9:20 of 3rd period - Stopped by Jimmy Howard without a rebound.
9:21 of 3rd period - Jay Beagle wins face-off versus Ryan Kesler in Devils zone.
9:38 of 3rd period - Lee Stempniak is hit by Matt Irwin and loses puck.
10:50 of 3rd period - Adam Burish is hit by Zack Smith and loses puck.
12:20 of 3rd period - Karl Alzner is hit by Ryan Jones and loses puck.
12:57 of 3rd period - Icing by Carl Gunnarsson.
12:58 of 3rd period - Chris Mueller wins face-off versus Zack Smith in MapleLeafs zone.
13:35 of 3rd period - Off-side.
13:36 of 3rd period - Ryan Kesler wins face-off versus Tyler Johnson in neutral zone.
14:15 of 3rd period - Wrist shot by Brandon Sutter.
14:15 of 3rd period - Shot Misses the Net.
14:21 of 3rd period - Wrist shot by John Carlson.
14:21 of 3rd period - Shot Misses the Net.
14:23 of 3rd period - Slapshot by John Carlson.
14:23 of 3rd period - Shot Misses the Net.
14:25 of 3rd period - Wrist shot by John Carlson.
14:25 of 3rd period - Stopped by Cory Schneider with a rebound.
14:29 of 3rd period - Wrist shot by Ryan Jones.
14:29 of 3rd period - Shot Blocked by Lee Stempniak.
14:31 of 3rd period - Slapshot by Ryan Jones.
14:31 of 3rd period - Stopped by Cory Schneider with a rebound.
14:52 of 3rd period - Double Minor Penalty to Kris Versteeg for High sticking.
14:53 of 3rd period - Joe Thornton wins face-off versus Drew Stafford in Devils zone.
14:58 of 3rd period - Snap shot by Alexander Steen.
14:58 of 3rd period - Shot Misses the Net.
15:00 of 3rd period - Slapshot by Carl Gunnarsson.
15:00 of 3rd period - Deflect By Alexander Steen.
15:00 of 3rd period - Shot Misses the Net.
15:00 of 3rd period - Puck is out of play.
15:01 of 3rd period - Joe Thornton wins face-off versus Drew Stafford in Devils zone.
15:28 of 3rd period - Grant Clitsome is hit by Alexander Steen and loses puck.
15:39 of 3rd period - Drew Stafford is hit by Alexander Steen.
15:43 of 3rd period - Dustin Brown is hit by Grant Clitsome and loses puck.
16:37 of 3rd period - Major / Game Misconduct Penalty to Zack Smith for Unsportsmanlike conduct.
16:37 of 3rd period - Zack Smith is ejected from game.
16:38 of 3rd period - Joe Thornton wins face-off versus Drew Stafford in MapleLeafs zone.
17:46 of 3rd period - Wrist shot by Ville Leino.
17:46 of 3rd period - Stopped by Cory Schneider without a rebound.
17:47 of 3rd period - Martin Erat wins face-off versus Lee Stempniak in MapleLeafs zone.
18:12 of 3rd period - Wrist shot by Dominic Moore.
18:12 of 3rd period - Stopped by Jimmy Howard without a rebound.
18:13 of 3rd period - Joe Thornton wins face-off versus Drew Stafford in Devils zone.
18:52 of 3rd period - Penalty to Kris Versteeg is over, Kris Versteeg is back on ice.
19:26 of 3rd period - Tyler Johnson is hit by Drew Doughty and loses puck.
Goals for this period are 0 for MapleLeafs vs 1 for Devils.
Shots for this period are 3 for MapleLeafs vs 14 for Devils.


Output by the SimonT Hockey Simulator (STHS) for Eric Dolegowski -- Original Page W3C XHTML 1.0 Valid
Hockey Simulator - Hockey Simulation - Hockey Manager